Cogmind - Beta 16.1 @@@ ROGUE MODE // 2026.03.18 @ 08:26:03 Player: ash Result: Destroyed by OG-E4P(R) with Subdweller Beam Cannon Performance ------------- Evolutions (0) 0 Regions Visited (2) 400 Robots Destroyed (11) 55 Value Destroyed (352) 352 Prototype IDs (0) 0 Alien Tech Used (0) 0 Bonus (0) 0 TOTAL SCORE: 807 Bonus ------- None Cogmind --------- Core Integrity 0/250 Matter 271/300 Energy 70/100 System Corruption 0% Temperature Warm (144) Movement Rolling (100) Location -10/Subcaves Parts ------- > --- POWER (1) -------- (None) > --- PROPULSION (2) --- Compact Wheel > --- UTILITY (2) ------ Small Storage Unit > --- WEAPON (2) ------- Particle Gun Light Assault Rifle > --- INVENTORY (8) ---- Large Matter Pod (150) Light Armor Plating Small Laser Grenade Launcher Peak State ------------ > --- POWER ------------ Ion Engine > --- PROPULSION ------- Aluminum Leg Aluminum Leg > --- UTILITY ---------- Small Storage Unit Sensor Array > --- WEAPON ----------- Light Assault Rifle Light Assault Rifle > --- INVENTORY -------- Ion Engine Compact Wheel Large Matter Pod Light Armor Plating Small Laser Beam Rifle Particle Gun Grenade Launcher [Rating: 8] Favorites ----------- Power Ion Engine Engine Ion Engine Propulsion Aluminum Leg Leg Aluminum Leg Wheel Compact Wheel Utility Small Storage Unit Device Sensor Array Storage Small Storage Unit Weapon Light Assault Rifle Energy Gun EM Pulse Gun Ballistic Gun Light Assault Rifle Launcher Grenade Launcher Build | -11 -10 -10 ------- Run | Yrd Mat Sub Slots Evolved . | . . . Power . | . . . Propulsion . | . . . Utility . | . . . Weapon . | . . . Parts Attached 11 | . 6 5 Power 2 | . 1 1 Engine 2 | . 1 1 Core . | . . . Reactor . | . . . Propulsion 3 | . 1 2 Treads . | . . . Leg 2 | . 1 1 Wheel 1 | . . 1 Hover . | . . . Flight . | . . . Utility 1 | . 1 . Device 1 | . 1 . Storage . | . . . Processor . | . . . Hackware . | . . . Protection . | . . . Artifact . | . . . Weapon 5 | . 3 2 Energy Gun 3 | . 1 2 Energy Cannon . | . . . Ballistic Gun 1 | . 1 . Ballistic Cannon . | . . . Launcher 1 | . 1 . Special Weapon . | . . . Impact Weapon . | . . . Slashing Weapon . | . . . Piercing Weapon . | . . . Special Melee Weapon . | . . . Unidentified Prototypes . | . . . Parts Lost 9 | . 1 8 Power 2 | . . 2 Propulsion 3 | . . 3 Utility 1 | . . 1 Weapon 3 | . 1 2 Highest Loss Streak 5 | . 1 5 To Critical Strikes . | . . . Average Backups 7 | . 7 7 Power 1 | . 1 . Propulsion 1 | . 2 . Utility 1 | . . 1 Weapon 3 | . 2 3 Tool/Special . | . . . Unused Backups 17 | . 12 5 Power 1 | . 1 . Propulsion 8 | . 7 1 Utility 4 | . 2 2 Weapon 4 | . 2 2 Tool/Special . | . . . Average Slot Usage (%) 96 | . 95 98 Engine 14 | . 14 14 Leg 27 | . 28 25 Device 11 | . 9 14 Storage 14 | . 14 14 Energy Gun 9 | . 12 2 Ballistic Gun 18 | . 15 24 Peak Build Rating 8 | . 7 8 Average Rating 7 | . 6 7 On Entrance 6 | 6 6 7 Avg Prop Armor Cover (%) 10 | . . 10 Naked Turns . | . . . Heaviest Build 15 | 13 14 15 Greatest Support 20 | 20 20 20 Greatest Overweight (x) . | . . . Average Overweight (x) . | . . . Largest Inventory Capacity 8 | . 8 8 Average Capacity 8 | . 8 8 Most Carried 8 | . 8 8 Average Carried 7 | . 7 7 Final Capacity 8 | 8 8 8 Final Carried 7 | 6 7 4 Class Distribution -------------------- 100% | Mutant Dominant Class ---------------- Mutant | -10/Materials Mutant | -10/Subcaves Resources | -11 -10 -10 ----------- Run | Yrd Mat Sub Matter Collected 579 | 200 317 62 Remotely . | . . . Salvage Created 346 | . 232 114 Parts 23 | . 15 8 Haulers Intercepted . | . . . Recyclers Shooed 1 | . 1 . Parts Field Recycled . | . . . Retrieved Matter . | . . . Parts Self-Destructed 8 | . . 8 Prevented . | . . . Parts Restored . | . . . Kills | -11 -10 -10 ------- Run | Yrd Mat Sub Combat Hostiles Destroyed 11 | . 8 3 Guns 7 | . 4 3 AOE 4 | . 4 . Classes Destroyed 4 | . 2 2 Swarmer 3 | . 3 . Grunt 6 | . 5 1 Sentry 1 | . . 1 Subdweller 1 | . . 1 Best Kill Streak 3 | . 3 2 Combat Bots Only 3 | . 3 2 Max Kills in Single Turn 3 | . 3 1 Gunslinging . | . . . Exploded 3 | . 3 . Melee . | . . . Uniques/NPCs Destroyed . | . . . Combat | -11 -10 -10 -------- Run | Yrd Mat Sub Hostile Shots Fired 73 | . 36 37 Missed 21 | . 11 10 Hits 52 | . 25 27 Projectile 52 | . 25 27 Critical Strikes 1 | . . 1 Damage Taken 998 | . 413 585 Core 274 | . 163 111 Absorbed by Shields . | . . . Core Remaining (%) 100 | 100 . . Volleys Fired 46 | . 30 16 Largest 2 | . 2 2 Hottest 76 | . 60 76 Shots Fired 90 | . 60 30 Gun 88 | . 59 29 Cannon . | . . . Launcher 2 | . 1 1 Special . | . . . Kinetic 53 | . 32 21 Thermal 8 | . . 8 Explosive 2 | . 1 1 Electromagnetic 27 | . 27 . Robot Hit Streak 10 | . 10 10 Robot Miss Streak 3 | . 3 2 Penetration Max . | . . . Secondary Targets . | . . . Shots Hit Robots 62 | . 43 19 Core Hits 23 | . 17 6 Critical Kills . | . . . Critical Parts Destroyed . | . . . Critical Strikes . | . . . Melee Attacks . | . . . Impact . | . . . Slashing . | . . . Piercing . | . . . Sneak Attacks . | . . . Combat Hostiles . | . . . Follow-up Attacks . | . . . Damage Inflicted 1012 | . 717 295 Guns 648 | . 444 204 Cannons . | . . . Explosions 364 | . 273 91 Melee . | . . . Ramming . | . . . Kinetic 249 | . 166 83 Thermal 165 | . 44 121 Explosive 320 | . 229 91 Electromagnetic 278 | . 278 . Impact . | . . . Slashing . | . . . Piercing . | . . . Highest Corruption . | . . . Average Corruption . | . . . Corruption Purged . | . . . Corruption Blocked . | . . . Overload Shots . | . . . Overflow Damage 15 | . 15 . Projectiles . | . . . Explosions 15 | . 15 . Melee . | . . . Knockbacks . | . . . Impact . | . . . Kinetic . | . . . Secondary . | . . . Self-Inflicted Damage 123 | . 123 . Shots 2 | . 2 . Rammed . | . . . Targets Rammed . | . . . Kicked . | . . . Crushed . | . . . Highest Temperature 283 | . 102 283 Average Temperature 62 | . 38 201 Received Heat Transfer 612 | . 153 459 Effects 2 | . . 2 Interference 2 | . . 2 Siege Activations . | . . . Martial Activations . | . . . Shielding Activations . | . . . Robots Disrupted . | . . . Combat Hostiles . | . . . Robots Corrupted . | . . . Combat Hostiles . | . . . Parts Fried 1 | . 1 . Impact Corruptions . | . . . Robots Melted . | . . . Combat Hostiles . | . . . Parts Melted 1 | . . 1 Heat Transferred 346 | . 50 296 Parts Sabotaged . | . . . Parts Stolen . | . . . Parts Stripped . | . . . Power Chain Reactions 1 | . 1 . Alert | -11 -10 -10 ------- Run | Yrd Mat Sub Maximum Alert Level . | . . . Low Security (%) 100 | . 100 . Level 1 . | . . . Level 2 . | . . . Level 3 . | . . . Level 4 . | . . . Level 5 . | . . . High Security . | . . . Max Security . | . . . Peak Influence 160 | . 160 . Initial . | . . . Average 77 | . 77 . Influence Increases 416 | . 376 40 Destroy 0b10 Robot/C 200 | . 160 40 Destroy Leader 20 | . 20 . Successful Hack 5 | . 5 . Disable Machine 30 | . 30 . Destroy Structure 41 | . 41 . Lose Combat Pursuer 120 | . 120 . Influence Decreases 416 | . 240 176 Entered New Map 66 | . . 66 Time Decay 330 | . 230 100 Lost Part 20 | . 10 10 Squads Dispatched . | . . . Investigation . | . . . Extermination . | . . . Reinforcement . | . . . Assault . | . . . Garrison . | . . . Intercept . | . . . Searches Triggered . | . . . Construction Impeded . | . . . Haulers Reinforced . | . . . Active Scanning Responses . | . . . Cargo Convoy Interrupts . | . . . Stealth | -11 -10 -10 --------- Run | Yrd Mat Sub Distress Signals 2 | . 2 . Communications Jammed . | . . . Distress Signals . | . . . Times Spotted 20 | . 16 4 Peak Tracking Total 3 | . 3 2 Tactical Retreats 5 | . 5 . Traps | -11 -10 -10 ------- Run | Yrd Mat Sub Traps Triggered . | . . . Indirectly . | . . . Trap Hack Attempts . | . . . Triggered . | . . . Disarmed 6 | . 6 . Reprogrammed . | . . . Reused . | . . . Traps Extracted . | . . . Installed . | . . . Triggered . | . . . Machines | -11 -10 -10 ---------- Run | Yrd Mat Sub Machines Disabled 2 | . 2 . Max in Single Turn 2 | . 2 . Machines Repaired . | . . . Machines Dismantled . | . . . Machines Sabotaged . | . . . Overloaded Fab Kills . | . . . Hacking | -11 -10 -10 --------- Run | Yrd Mat Sub Machines Accessed 2 | . 2 . Terminals 2 | . 2 . Fabricators . | . . . Repair Stations . | . . . Recycling Units . | . . . Scanalyzers . | . . . Garrison Access . | . . . Total Hacks 5 | . 5 . Successful 4 | . 4 . Failed 1 | . 1 . Catastrophic 1 | . 1 . Database Lockouts . | . . . Manual . | . . . Terminals 5 | . 5 . Fabricators . | . . . Repair Stations . | . . . Recycling Units . | . . . Scanalyzers . | . . . Garrison Access . | . . . Terminal Hacks 4 | . 4 . Robot Analysis 1 | . 1 . Locate Traps 1 | . 1 . Disarm Traps 1 | . 1 . Hauler Manifests 1 | . 1 . Fabricator Hacks . | . . . Repair Station Hacks . | . . . Recycling Unit Hacks . | . . . Scanalyzer . | . . . Garrison Access Hacks . | . . . Unauthorized Hacks . | . . . Terminals . | . . . Fabricators . | . . . Repair Stations . | . . . Recycling Units . | . . . Scanalyzers . | . . . Garrison Access . | . . . Data Cores Recovered . | . . . Used . | . . . Hacking Detections 2 | . 2 . Full Trace Events . | . . . Feedback Events . | . . . Feedback Blocked . | . . . Robot Schematics Acquired . | . . . Robots Built . | . . . Authchips . | . . . Time . | . . . Total Robot Build Rating . | . . . Part Schematics Acquired . | . . . Parts Built . | . . . Authchips . | . . . Time . | . . . Total Part Build Rating . | . . . Part Studies Acquired . | . . . Parts Repaired . | . . . Time . | . . . Parts Recycled . | . . . Recycled Matter . | . . . Retrieved Matter . | . . . Retrieved Components . | . . . Parts Scanalyzed . | . . . Part Schematics Acquired . | . . . Parts Damaged . | . . . Bothacking | -11 -10 -10 ------------ Run | Yrd Mat Sub Used RIF Installer . | . . . Robots Hacked . | . . . Non-combat . | . . . Combat . | . . . Robot Hacks Applied . | . . . Relay Couplers Released . | . . . Fabnet Peak Effective % . | . . . Robots Rewired . | . . . Allies Hacked . | . . . Hacks Repelled . | . . . Allies | -11 -10 -10 -------- Run | Yrd Mat Sub Total Allies . | . . . Largest Group . | . . . Highest-Rated Group . | . . . Highest-Rated Ally . | . . . Total Orders . | . . . Ally Attacks . | . . . Total Damage . | . . . Kills . | . . . Allies Corrupted . | . . . Allies Melted . | . . . Intel | -11 -10 -10 ------- Run | Yrd Mat Sub Active Infowar (turns) 652 | . 406 246 Sensors 652 | . 406 246 Robot Analysis Total 1 | . 1 . Derelict Logs Recovered 1 | . . 1 Drone Launches . | . . . Drone Recoveries . | . . . Exploration | -11 -10 -10 ------------- Run | Yrd Mat Sub Turns Passed 836 | . 583 253 Spaces Moved 481 | 1 318 162 Core . | . . . Treads . | . . . Legs 474 | 1 318 155 Wheels 7 | . . 7 Hover . | . . . Flight . | . . . Fastest Speed 100 | 120 120 100 Average Speed 119 | 120 120 119 Slowest Speed 120 | 120 120 120 Overloaded Moves . | . . . Propulsion Burnouts . | . . . Robots Hopped . | . . . Potential Cave-ins . | . . . Cave-ins Triggered . | . . . Exploration Rate (%) 19 | 2 40 15 Regions Visited 2 Branch Regions 1 Pre-discovered Areas . | . . . Known Exits Taken . | . . . Unknown Exits Taken 2 | 1 1 . Scrap Searched . | . . . Spaces Dug . | . . . Terrain Destroyed 47 | . 45 2 Melee . | . . . Projectile . | . . . AOE 47 | . 45 2 Terrain Rammed . | . . . Walls Destroyed . | . . . Machines Disabled . | . . . Actions | -11 -10 -10 --------- Run | Yrd Mat Sub Total 663 | . 468 195 Wait 104 | . 96 8 Move 479 | . 317 162 Hop . | . . . Pick Up 12 | . 10 2 Fast Attach 1 | . 1 . Attach 6 | . 1 5 Detach . | . . . Swap 6 | . 4 2 Drop 9 | . 9 . Fire 46 | . 30 16 Melee . | . . . Ram . | . . . Kick . | . . . Crush . | . . . Escape Stasis . | . . . Rewire . | . . . Trap . | . . . Miscellaneous . | . . . Route ------- -11/Scrapyard -10/Materials (discovered 3 exits: [*Mat] / [*Min] / [*Sub]) -10/Subcaves (discovered 1 exit: [*Mat]) History --------- Turn | Location | Event 1 | -11/Scrapyard | Discovered new exit (range 0) 1 | -11/Scrapyard | Entered Materials 34 | -10/Materials | Discovered new exit (range 5) 122 | -10/Materials | Discovered new exit (range 11) 230 | -10/Materials | Discovered new exit (range 14) 303 | -10/Materials | Build established: Mutant 414 | -10/Materials | Core integrity fell below 50% 584 | -10/Materials | Entered Subcaves 585 | -10/Subcaves | Approached by a straggling Scientist 604 | -10/Subcaves | Discovered new exit (range 12) 824 | -10/Subcaves | Core integrity fell below 20% 837 | -10/Subcaves | Destroyed by OG-E4P(R) with Subdweller Beam Cannon Last Messages --------------- LK-YIJ(c): "I think it's somewhere west of here" LK-YIJ(c): "I think it's somewhere southwest of here" 00781_ Acquired derelict log, extracted data. Data stored: Storage entrances (x1). LK-YIJ(c): "I think it's somewhere south of here" 00790_ Aluminum Leg destroyed. 00792_ Ion Engine destroyed. 00807_ Acquired 13 matter. 00823_ Critical hit (Meltdown: +270). 00829_ Aluminum Leg destroyed. 00829_ Lgt. Assault Rifle destroyed. 00830_ Overheating: System interference. 00830_ Beam Rifle temporarily disabled. 00830_ Sensor Array temporarily disabled. 00831_ Ion Engine destroyed. 00833_ Beam Rifle destroyed. 00834_ Sub. Laser melted. 00834_ EF-EU1(R) destroyed. 00835_ Sensor Array destroyed. 00837_ Subatomizers dissect the Disposable Heat Sink. Map ----- +----------------------------------------------------+ | ?????????????????????????????????????????????? | | ?????????????????????????????????????????????? | | ?????????????????????????????????????????????? | | ?????????????????????????????????????????????? | | ?????????????????????????????????????????????? | | ?????????????????????????????????????????????? | | ?????????????????????????????????????????????? | | ?????????????????????????????????????????????? | | ?????????????????????????????????????????????? | | ?????????????????????????????????????????????? | | ?????????????????????????????????????????????? | | ?????????????????????????????????????????????? | | ?????????????????????????????????????????????? | | ?????????????????????????????????????????????? | | ?????????????????????????????????????????????? | | ???????????????#####???????#####?????????????? | | ????????????#### ????#### #?????##??????? | | ????????????? ??### ##### #??????? | | ??????????????# ?## #??????? | | ?????????????## #?# c%% #???????? | | ?????????#???# ### ## ###?????????? | | ?????????#" # # %%## #### #???????????? | | ???????????? ; ### ##?## ######??????? | | ??????????????## R #??# % % #??????? | | ??????????????# % %!%% ##??# #??????? | | ??????????????### #@# ##???### ##??????? | | ????????????????# #####??????# %##??????? | | ????????????????# #?????????### ##?????? | | ????????????????## ## #????????# #?????? | | ?????????????????# #???????## #?????? | | ?????????????????# #??????## % #?????? | | ?????????????????#### #??# ##????? | | ????????????????????# ##??## ###??? | | ????????????????????# #????## #??? | | ????????????????????# #?????# ##?? | | ???????????????????? #?????## ##? | | ???????????????????? #??????## ## | | ???????????????????? ??????#### ## | | ???????????????????? ????????# | | ????????????????????# ???????#### | | ????????????????????? ## ??????????# | | ????????????????????? ##? ?????????## | | ????????????????????? ###?????????##### | | ????????????????????? #???????????# | | ????????????????????? ???????????## | | ?????????????????????????????????### | | ?????????????????????????????##### | | ?????????????????????????????# ## ## | | ?????????????????????????????# ###### | | ?????????????????????????????# ####????? | +----------------------------------------------------+ Best States ------------- Heat Dissipation 25 Energy Generation 10 Energy Capacity 250 Matter Stores 300 Matter Capacity 300 Sight Range 16 Robot Scan Range 14 Terrain Scan Density 10 Evasion (%) 55 Item Schematics ----------------- None Robot Schematics ------------------ None Fabricated ------------ Nothing Repaired ---------- Nothing Studied --------- None Alien Tech Used ----------------- None Achievements -------------- None Challenges ------------ None Game ------ Seed BraceAuthchipMaul Manual? 0 Play Time 00:13:57 Cumulative 71.6 hours Start 2026.03.18 @ 08:11:15 End 2026.03.18 @ 08:26:03 Sessions 1 Manual Loads 0 Difficulty Rogue Special Mode None Game No. 64 Rogue 19 Adventurer 45 Explorer 0 Win Type - Total 3 Types 2/0/0/1/0/0/0/0/0/0 Lore% 35 Gallery% 45 Achievement% 28 Wizard Run 0 Options --------- Layout 0 ASCII 0 Keyboard 1 Movement Numpad Keybinds 0 Fullscreen 1 Font 24/Smallcaps Map View 76x50 Zoom Use 0% Tactical HUD 1 Map Filters NONE Filters NONE Steam 1 RUN: cf5aef17-1ee1-44b3-a4c8-0acfd4da63c4